 Dungeon Crawl Stone Soup version 0.16.2-2-g470672f (webtiles) character file.

36736 FruitAndGarbage the Thaumaturge (level 13, -5/76 HPs)
             Began as a Deep Elf Conjurer on Aug 24, 2015.
             Was a High Priest of Kikubaaqudgha.
             Shot with an arrow by a centaur warrior (19 damage)
             ... on level 15 of the Dungeon on Aug 25, 2015.
             The game lasted 01:59:05 (20291 turns).

FruitAndGarbage the Thaumaturge (DECj)             Turns: 20291, Time: 01:59:05

Health: -5/76      AC: 14    Str:  5    XL:     13   Next: 54%
Magic:  4/36       EV: 19    Int: 29    God:    Kikubaaqudgha [*****.]
Gold:   802        SH:  0    Dex: 15    Spells: 10 memorised, 1 level left

rFire  . . .     SeeInvis +     o - +2 dagger (elec)
rCold  . . .     Clarity  +     K - +4 troll leather armour
rNeg   . . .     SustAb   .     (no shield)
rPois  +         Gourm    .     E - +2 helmet {SInv}
rElec  .         Spirit   .     y - +0 cloak {rPois}
rCorr  .         Warding  .     v - +0 pair of gloves
rMut   .         Stasis   .     (no boots)
MR     +....                    G - amulet of clarity
Stlth  +++.......               z - +3 ring of intelligence
                                X - +3 ring of evasion

@: deflect missiles, somewhat resistant to hostile enchantments, fairly stealthy
A: no striking features
a: Receive Corpses, Torment, Renounce Religion


You were on level 15 of the Dungeon.
You worshipped Kikubaaqudgha.
Kikubaaqudgha was extremely pleased with you.
You were full.

You visited 2 branches of the dungeon, and saw 16 of its levels.

You collected 802 gold pieces.

Inventory:

Hand weapons
 o - a +2 dagger of electrocution (weapon)
 s - a +1 dagger of venom
Armour
 v - a +0 pair of gloves (worn)
 y - a +0 cloak of poison resistance (worn)
 E - a +2 helmet of see invisible (worn)
 K - a +4 troll leather armour (worn)
Jewellery
 h - an uncursed amulet of the gourmand
 m - an uncursed ring of stealth
 x - an uncursed ring of ice
 z - a +3 ring of intelligence (right hand)
 G - an amulet of clarity (around neck)
 H - an uncursed ring of sustain abilities
 S - an uncursed ring of protection from magic
 X - a +3 ring of evasion (left hand)
Magical devices
 j - a wand of slowing (14)
 p - a wand of confusion (8)
 Q - a wand of lightning (4)
Scrolls
 d - 4 scrolls of recharging
 f - 10 scrolls of identify
 n - 6 scrolls of teleportation
 r - 12 scrolls of remove curse
 I - 2 scrolls of enchant weapon
 L - 2 scrolls of fog
 N - a scroll of enchant armour
 T - 2 scrolls of magic mapping
Potions
 e - a potion of agility
 w - 2 potions of heal wounds
 D - 3 potions of curing
 F - a potion of restore abilities
 P - 3 potions of might
 R - 3 potions of cancellation
 V - a potion of haste
 Y - a potion of invisibility
 Z - 2 potions of brilliance
Books
 a - Kikubaaqudgha's Compendium of Necromancy
   (Kikubaaqudgha gifted it to you on level 10 of the Dungeon)

   Spells                             Type                      Level
   a - Animate Dead                   Necromancy                   4
   b - Excruciating Wounds            Charms/Necromancy            5
   c - Dispel Undead                  Necromancy                   5
   d - Simulacrum                     Ice/Necromancy               6
   e - Death Channel                  Necromancy                   6
 c - a book of Conjurations

   Spells                             Type                      Level
   a - Magic Dart                     Conjuration                  1
   b - Searing Ray                    Conjuration                  2
   c - Dazzling Spray                 Conjuration/Hexes            3
   d - Fulminant Prism                Conjuration/Hexes            4
   e - Iskenderun's Mystic Blast      Conjuration                  4
   f - Iskenderun's Battlesphere      Conjuration/Charms           5
 k - a book of Power

   Spells                             Type                      Level
   a - Fulminant Prism                Conjuration/Hexes            4
   b - Iskenderun's Mystic Blast      Conjuration                  4
   c - Venom Bolt                     Conjuration/Poison           5
   d - Bolt of Magma                  Conjuration/Fire/Earth       5
   e - Iron Shot                      Conjuration/Earth            6
   f - Orb of Destruction             Conjuration                  7
   g - Spellforged Servitor           Conjuration/Summoning        7
 q - a book of Transfigurations

   Spells                             Type                      Level
   a - Stoneskin                      Transmutation/Earth          2
   b - Irradiate                      Conjuration/Transmutation    5
   c - Statue Form                    Transmutation/Earth          6
   d - Hydra Form                     Transmutation                6
   e - Dragon Form                    Transmutation                7
 t - a book of Geomancy

   Spells                             Type                      Level
   a - Sandblast                      Earth                        1
   b - Stoneskin                      Transmutation/Earth          2
   c - Passwall                       Transmutation/Earth          3
   d - Stone Arrow                    Conjuration/Earth            3
   e - Petrify                        Transmutation/Earth          4
   f - Lee's Rapid Deconstruction     Earth                        5
 u - a book of the Sky

   Spells                             Type                      Level
   a - Flight                         Charms/Air                   3
   b - Airstrike                      Air                          4
   c - Silence                        Hexes/Air                    5
   d - Deflect Missiles               Charms/Air                   6
   e - Conjure Ball Lightning         Conjuration/Air              6
   f - Tornado                        Air                          9
 B - Kikubaaqudgha's Almanac of Evil
   (Kikubaaqudgha gifted it to you on level 8 of the Dungeon)

   Spells                             Type                      Level
   a - Pain                           Necromancy                   1
   b - Corpse Rot                     Necromancy                   2
   c - Sublimation of Blood           Necromancy                   2
   d - Vampiric Draining              Necromancy                   3
   e - Control Undead                 Necromancy                   4
 C - a book of Ice

   Spells                             Type                      Level
   a - Ice Form                       Ice/Transmutation            4
   b - Metabolic Englaciation         Hexes/Ice                    5
   c - Ozocubu's Refrigeration        Ice                          6
   d - Bolt of Cold                   Conjuration/Ice              6
   e - Freezing Cloud                 Conjuration/Ice/Air          6
   f - Simulacrum                     Ice/Necromancy               6
 M - a book of Annihilations {highlevel}

   This book is beyond your current level of understanding.

   Spells                             Type                      Level
   a - Poison Arrow                   Conjuration/Poison           6
   b - Chain Lightning                Conjuration/Air              8
   c - Lehudib's Crystal Spear        Conjuration/Earth            8
   d - Glaciate                       Conjuration/Ice              9
   e - Fire Storm                     Conjuration/Fire             9
 U - a Grand Grimoire {highlevel}

   This book is beyond your current level of understanding.

   Spells                             Type                      Level
   a - Aura of Abjuration             Summoning                    6
   b - Summon Greater Demon           Summoning                    7
   c - Malign Gateway                 Summoning/Translocation      7
   d - Summon Horrible Things         Summoning                    8
Miscellaneous
 l - a phial of floods
Comestibles
 b - 4 bread rations
 A - 2 beef jerkies
 J - 4 slices of pizza
 O - 3 meat rations
 W - 12 royal jellies


   Skills:
 * Level 6.9 Fighting
 - Level 0.6 Short Blades
 * Level 4.9 Armour
 * Level 8.9 Dodging
 + Level 5.6 Stealth
 + Level 12.4 Spellcasting
 + Level 9.7 Conjurations
 * Level 10.9 Hexes
 * Level 9.9 Charms
 * Level 7.6 Necromancy
 * Level 6.3 Transmutations
 * Level 6.8 Air Magic


You had one spell level left.
You knew the following spells:

 Your Spells              Type           Power        Failure   Level  Hunger
a - Magic Dart            Conj           ####         1%          1    None
b - Searing Ray           Conj           ######       1%          2    None
c - Dazzling Spray        Conj/Hex       ######..     1%          3    None
d - Fulminant Prism       Conj/Hex       ######....   1%          4    None
e - Deflect Missiles      Chrm/Air       ######....   28%         6    ####...
f - Flight                Chrm/Air       ######....   1%          3    None
g - Passwall              Trmt/Erth      #####.....   4%          3    None
h - Airstrike             Air            ######....   3%          4    None
i - Dispel Undead         Necr           ######..     8%          5    ##.....
j - Animate Dead          Necr           N/A          1%          4    None


Dungeon Overview and Level Annotations

Branches:
Dungeon (15/15)            Temple (1/1) D:7            Lair (0/8) D:8
    Orc (0/4) D:12         Vaults (0/5) D:13
 Depths: D:15

Altars:
Ashenzari
Cheibriados
Dithmenos
Elyvilon
Fedhas
Gozag
Kikubaaqudgha
Makhleb
Nemelex Xobeh
Okawaru
Qazlal
Ru
Sif Muna
Trog
Vehumet
Xom
Yredelemnul
Zin
The Shining One

Shops:
D:5 (

Portals:
Trove: D:10 (give +5 demon whip)


Message History

You hear a loud, deep croak!
A centaur zombie comes into view.
Read which item? (? for menu, Esc to quit)
As you read the scroll of fear, it crumbles to dust.
You assume a fearsome visage.
The green ugly thing looks frightened!
The green ugly thing looks frightened! x2
The centaur warrior wields a shortbow.
The centaur warrior shoots an arrow.
The arrow misses you.
The centaur warrior shoots an arrow.
The arrow hits you!!
* * * LOW HITPOINT WARNING * * *
The hill giant barely misses you.
You see here an arrow.
The centaur warrior shoots an arrow.
The arrow hits you.
* * * LOW HITPOINT WARNING * * *
You see here an arrow.
The centaur warrior shoots an arrow.
You deflect the arrow!
You see here an arrow.
The centaur warrior shoots an arrow.
The arrow hits you!!
You die...
Kikubaaqudgha rasps: "You have failed me!
Welcome... death!"

.......u#.....#
#.......[.....#
....C..c......#
##..##.#......#
#..####.#....# #..#
#.#..###
.....##Z#..##############
#..#......c.((#..........#
..##........#C.(@........#
## #........###..........#
#...._..(# #.......)<.#
#........# #..........#
#........# ############
........# .......# ......#
.....#


You could see a hill giant and a centaur warrior.

Vanquished Creatures
  The ghost of comborobin the Grappler, a powerful TrAr of Ru (D:12)
  Harold (D:10)
  6 centaur warriors
  Urug (D:13)
  A skeletal warrior (D:13)
  2 unseen horrors (D:13)
  An orc knight (D:13)
  3 hill giants
  12 ugly things
  A manticore (D:11)
  2 griffons (D:14)
  A wolf spider zombie (D:14)
  3 cyclopes (D:13)
  3 centaur zombies
  Maurice (D:11)
  A gargoyle (D:15)
  2 centaur skeletons
  Psyche (D:10)
  A fire drake (D:8)
  3 trolls
  A freezing wraith (D:13)
  An efreet (D:13)
  A two-headed ogre (D:11)
  A harpy skeleton (D:13)
  6 slime creatures (D:14)
  A water elemental (D:14)
  3 wyverns
  5 yaks (D:9)
  A trapdoor spider (D:13)
  5 deep elf magi
  Eustachio (D:6)
  Grum (D:10)
  A hungry ghost (D:11)
  3 wolves (D:10)
  16 humans (D:13)
  5 hippogriffs
  A mottled dragon (D:15)
  3 vampire mosquitoes (D:14)
  A soldier ant (D:14)
  2 water moccasins
  4 sky beasts
  5 ice beasts
  13 orc warriors
  A necrophage (D:12)
  2 black bears (D:7)
  9 centaurs
  4 ogres
  Sigmund (D:3)
  3 big kobolds
  Blork the orc (D:5)
  8 giant frogs
  A scorpion (D:5)
  5 wights (D:12)
  4 killer bees (D:11)
  9 jellies
  10 crimson imps
  2 goliath beetles
  6 hounds
  4 quasits
  12 orc priests
  A giant frog skeleton (D:10)
  2 gnoll shamans
  A wasp zombie (D:10)
  A giant frog zombie (D:13)
  14 orc wizards
  Natasha (thrice) (D:3)
  5 iguanas
  23 worker ants
  4 sheep (D:13)
  Ijyb (D:2)
  A worker ant zombie (D:6)
  Robin (D:4)
  9 adders
  11 gnolls
  2 shadow imps
  A worm (D:2)
  4 giant mites
  2 adder skeletons
  7 giant geckos
  6 oozes
  71 orcs
  18 goblins
  25 hobgoblins
  12 jackals
  2 quokkas
  2 ball pythons
  19 bats
  4 giant cockroaches
  11 giant newts
  A giant spore (D:12)
  34 kobolds
  A quokka skeleton (D:5)
  A quokka zombie (D:6)
  14 rats
  5 ballistomycetes (D:12)
529 creatures vanquished.

Vanquished Creatures (others)
  An ogre zombie (D:15)
  78 fulminant prisms
  A hound zombie (D:15)
  A bat zombie (D:15)
  A giant spore (D:12)
  A kobold (D:9)
  A ballistomycete (D:15)
84 creatures vanquished.

Grand Total: 613 creatures vanquished

Notes
Turn   | Place    | Note
--------------------------------------------------------------
     0 | D:1      | FruitAndGarbage, the Deep Elf Conjurer, began the quest for the Orb.
     0 | D:1      | Reached XP level 1. HP: 10/10 MP: 5/5
   265 | D:1      | Reached XP level 2. HP: 15/15 MP: 3/8
   269 | D:1      | Learned a level 2 spell: Searing Ray
   531 | D:1      | Reached skill level 5 in Conjurations
   946 | D:2      | Reached XP level 3. HP: 19/19 MP: 4/11
   951 | D:2      | Learned a level 3 spell: Dazzling Spray
  1110 | D:2      | Gained mutation: You are weak. (Str -2) [potion of mutation]
  1110 | D:2      | Gained mutation: Your magical capacity is low (-10% MP). [potion of mutation]
  1110 | D:2      | Gained mutation: You have a pair of small horns on your head. [potion of mutation]
  1257 | D:2      | Noticed Ijyb
  1298 | D:2      | Killed Ijyb
  1449 | D:2      | Reached XP level 4. HP: 22/24 MP: 9/12
  1455 | D:2      | Learned a level 4 spell: Fulminant Prism
  1539 | D:2      | Reached skill level 1 in Hexes
  1901 | D:2      | Found an iron altar of Okawaru.
  2041 | D:3      | Noticed Sigmund
  2048 | D:3      | Killed Sigmund
  2048 | D:3      | Reached skill level 1 in Fighting
  2048 | D:3      | Reached XP level 5. HP: 11/29 MP: 6/16
  2751 | D:3      | Noticed Natasha
  2757 | D:3      | Killed Natasha
  2895 | D:3      | Noticed Natasha
  2905 | D:3      | Killed Natasha
  3090 | D:3      | Noticed Natasha
  3093 | D:3      | Killed Natasha
  3371 | D:4      | Found a staircase to the Ecumenical Temple.
  3453 | D:4      | Found a blossoming altar of Fedhas.
  3675 | D:4      | Reached XP level 6. HP: 34/34 MP: 4/18
  3785 | D:4      | Noticed Robin
  3794 | D:4      | Reached skill level 5 in Spellcasting
  3814 | D:4      | Killed Robin
  3814 | D:4      | Reached skill level 6 in Conjurations
  4614 | D:4      | Noticed an ogre
  4618 | D:4      | Killed an ogre
  4618 | D:4      | Reached XP level 7. HP: 40/40 MP: 11/20
  4644 | D:4      | Found a basalt altar of Yredelemnul.
  4906 | D:4      | Found a white marble altar of Elyvilon.
  4916 | D:4      | Found a stormy altar of Qazlal.
  4916 | D:4      | Found a burning altar of Makhleb.
  4919 | D:4      | Found an opulent altar of Gozag.
  4920 | D:4      | Found a sacrificial altar of Ru.
  4922 | D:4      | Found a radiant altar of Vehumet.
  5069 | D:5      | Entered Level 5 of the Dungeon
  5109 | D:5      | Noticed Blork the orc
  5116 | D:5      | Killed Blork the orc
  5438 | D:5      | Found Qimirph's Weapon Boutique.
  5590 | D:5      | Learned a level 6 spell: Deflect Missiles
  5594 | D:5      | Learned a level 3 spell: Flight
  5663 | D:5      | Found an opulent altar of Gozag.
  6062 | D:6      | Noticed Eustachio
  6076 | D:6      | Killed Eustachio
  6076 | D:6      | Reached skill level 1 in Charms
  6076 | D:6      | Reached XP level 8. HP: 35/46 MP: 2/22
  6180 | D:6      | Reached skill level 1 in Air Magic
  6284 | D:6      | Reached skill level 7 in Spellcasting
  6894 | D:6      | Reached skill level 5 in Hexes
  7394 | D:7      | Got a twisted leather armour
  7405 | D:7      | Identified the +0 leather armour "Caytuna" {rC+} (You found it on level 7 of the Dungeon)
  7490 | D:7      | Found a snail-covered altar of Cheibriados.
  7887 | D:7      | Lost mutation: You are weak. (Str -2) [potion of cure mutation]
  7887 | D:7      | Lost mutation: Your magical capacity is low (-10% MP). [potion of cure mutation]
  7887 | D:7      | Lost mutation: You have a pair of small horns on your head. [potion of cure mutation]
  8026 | D:7      | Learned a level 3 spell: Passwall
  8106 | D:7      | Found a staircase to the Ecumenical Temple.
  8111 | Temple   | Entered the Ecumenical Temple
  8142 | Temple   | Became a worshipper of Kikubaaqudgha
  8317 | D:7      | Reached skill level 1 in Necromancy
  8317 | D:7      | Reached XP level 9. HP: 51/51 MP: 15/28
  8525 | D:8      | Found a bloodstained altar of Trog.
  8536 | D:7      | Reached skill level 8 in Spellcasting
  8664 | D:7      | Reached skill level 1 in Transmutations
  8973 | D:8      | Noticed a fire drake
  8979 | D:8      | Found a staircase to the Lair.
  8988 | D:8      | Killed a fire drake
  9486 | D:8      | Acquired Kikubaaqudgha's first power
  9486 | D:8      | Received a gift from Kikubaaqudgha
  9487 | D:8      | Identified Kikubaaqudgha's Almanac of Evil (Kikubaaqudgha gifted it to you on level 8 of the Dungeon)
  9512 | D:8      | Reached skill level 5 in Charms
 10126 | D:9      | Reached XP level 10. HP: 50/58 MP: 4/30
 10133 | D:9      | Acquired Kikubaaqudgha's second power
 10144 | D:9      | Learned a level 4 spell: Airstrike
 10326 | D:9      | Got a bloodstained scimitar
 10326 | D:9      | Reached skill level 9 in Spellcasting
 10332 | D:9      | Identified the cursed +0 scimitar "Fenwiar" {vamp, -Cast rF- rN+ Int+5 Stlth+} (You found it on level 9 of the Dungeon)
 10867 | D:9      | Reached skill level 5 in Dodging
 10887 | D:9      | Reached skill level 1 in Armour
 11457 | D:10     | Entered Level 10 of the Dungeon
 11489 | D:10     | Noticed Grum
 11503 | D:10     | Killed Grum
 11507 | D:10     | Reached skill level 5 in Fighting
 11953 | D:10     | Noticed Harold
 11963 | D:10     | Killed Harold
 12000 | D:10     | Noticed Psyche
 12009 | D:10     | Killed Psyche
 12110 | D:10     | Found a portal to a secret trove of treasure.
 12242 | D:10     | Received a gift from Kikubaaqudgha
 12247 | D:10     | Identified Kikubaaqudgha's Compendium of Necromancy (Kikubaaqudgha gifted it to you on level 10 of the Dungeon)
 12469 | D:11     | Reached XP level 11. HP: 63/63 MP: 24/32
 12573 | D:11     | Noticed Maurice
 12581 | D:11     | Killed Maurice
 12906 | D:11     | Noticed a manticore
 12917 | D:11     | Killed a manticore
 13131 | D:11     | Reached skill level 10 in Spellcasting
 13553 | D:12     | Found a staircase to the Orcish Mines.
 13553 | D:12     | Noticed comborobin's ghost (powerful TrAr)
 13703 | D:12     | Acquired Kikubaaqudgha's third power
 13727 | D:12     | Reached skill level 5 in Necromancy
 14128 | D:12     | Reached skill level 5 in Air Magic
 14691 | D:12     | Learned a level 5 spell: Dispel Undead
 14801 | D:12     | Killed comborobin's ghost
 15526 | D:13     | Noticed a centaur warrior
 15535 | D:13     | Killed a centaur warrior
 15535 | D:13     | Reached XP level 12. HP: 69/69 MP: 18/34
 15682 | D:13     | Reached skill level 11 in Spellcasting
 15788 | D:13     | Noticed a centaur warrior
 15811 | D:13     | Killed a centaur warrior
 15811 | D:13     | Reached skill level 5 in Transmutations
 15905 | D:13     | Noticed Urug
 15935 | D:13     | Killed Urug
 16172 | D:13     | Noticed a centaur warrior
 16193 | D:13     | Killed a centaur warrior
 16250 | D:13     | Reached skill level 10 in Hexes
 16604 | D:13     | Noticed an unseen horror
 16612 | D:13     | Killed an unseen horror
 16612 | D:13     | Reached skill level 5 in Stealth
 16634 | D:13     | Noticed a centaur warrior
 16647 | D:13     | Killed a centaur warrior
 16759 | D:13     | Found a burning altar of Makhleb.
 17138 | D:13     | Noticed a hill giant
 17147 | D:13     | Killed a hill giant
 17147 | D:13     | Acquired Kikubaaqudgha's fourth power
 17685 | D:13     | Noticed an unseen horror
 17690 | D:13     | Killed an unseen horror
 17694 | D:13     | Found a gate to the Vaults.
 17697 | D:13     | Noticed a skeletal warrior
 17701 | D:13     | Killed a skeletal warrior
 18003 | D:14     | Noticed a centaur warrior
 18100 | D:14     | Reached XP level 13. HP: 67/75 MP: 18/35
 18434 | D:14     | Reached skill level 12 in Spellcasting
 18534 | D:14     | Noticed a centaur warrior
 18547 | D:14     | Killed a centaur warrior
 19096 | D:14     | Killed a centaur warrior
 19429 | D:14     | Learned a level 4 spell: Animate Dead
 20096 | D:15     | Entered Level 15 of the Dungeon
 20241 | D:15     | Found a glowing silver altar of Zin.
 20291 | D:15     | Shot with an arrow by a centaur warrior

Action                   |  1- 3 |  4- 6 |  7- 9 | 10-12 | 13-15 || total
-------------------------+-------+-------+-------+-------+-------++-------
Melee: Dagger            |    21 |    18 |    68 |   181 |    35 ||   323
       Spear             |       |     6 |       |       |       ||     6
 Cast: Magic Dart        |    57 |   109 |   206 |    86 |    15 ||   473
       Searing Ray       |     2 |     3 |     9 |    48 |    13 ||    75
       Dazzling Spray    |       |    29 |   110 |   190 |    39 ||   368
       Fulminant Prism   |       |     1 |    10 |    49 |    19 ||    79
       Airstrike         |       |       |       |    33 |    15 ||    48
       Passwall          |       |       |       |     1 |       ||     1
       Dispel Undead     |       |       |       |    14 |    15 ||    29
       Deflect Missiles  |       |       |       |     3 |       ||     3
       Animate Dead      |       |       |       |       |     2 ||     2
Invok: Receive Corpses   |       |       |       |       |     2 ||     2
Evoke: Wand              |       |       |       |     2 |       ||     2
  Use: Potion            |     6 |     3 |     5 |     3 |       ||    17
       Scroll            |       |    12 |     2 |    10 |     3 ||    27
 Stab: Invisible         |       |     1 |     4 |     7 |     1 ||    13
       Sleeping          |       |       |     4 |     6 |       ||    10
       Distracted        |       |       |     1 |     1 |       ||     2
  Eat: Chunk             |     1 |    23 |    16 |    65 |     9 ||   114
